 Dungeon Crawl Stone Soup version bcrawl-1.32 (webtiles) character file.

Game seed: 6006789042494648073

177758 GenialerGandalf the Covered (level 7, -1/61 HPs)
             Began as a Minotaur Fighter on July 12, 2021.
             Slain by a hound (2 damage)
             ... on level 5 of the Dungeon.
             The game lasted 00:16:09 (4882 turns).

GenialerGandalf the Covered (Minotaur Fighter)      Turns: 4882, Time: 00:16:09

Health: -1/61      AC:  4    Str: 25    XL:     7   Next: 34%
Magic:  0/7        EV:  8    Int:  5    God:
Gold:   276        SH: 10    Dex:  9    Spells: 8/8 levels left

rFire    + . .     SeeInvis .   a - +2 rapier
rCold    + . .     Gourm    .   c - +0 medium shield
rNeg     + + .     Faith    .   s - +1 leather armour of Slovenliness {rN++}
rPois    +         Spirit   +   (helmet restricted)
rElec    +         Reflect  .   m - scarf {Spirit}
rCorr    +         Harm     .   (no gloves)
MR       .....                  (no boots)
Stlth    ..........             (no amulet)
HPRegen  0.20/turn              x - ring of attention (curse)
MPRegen  0.10/turn              i - +2 ring of strength

@: lethally poisoned (-1 -> -36), resistant
A: retaliatory headbutt, horns 2
a: no special abilities


You were on level 5 of the Dungeon.
You were not hungry.

You visited 1 branch of the dungeon, and saw 5 of its levels.

You collected 276 gold pieces.

Inventory:

Hand Weapons
 a - a +2 rapier (weapon)
 g - a cursed -1 trident
Missiles
 n - 1552 stones (quivered)
Armour
 b - a +0 scale mail
 c - a +0 medium shield (worn)
 m - a scarf of spirit shield (worn)
 p - a +0 barding
 s - the +1 leather armour of Slovenliness (worn) {rN++}
   (You found it on level 4 of the Dungeon)

   It greatly protects you from negative energy.
Jewellery
 i - a +2 ring of strength (right hand)
 o - an uncursed ring of protection from magic
 v - an uncursed ring of protection from magic
 x - a cursed ring of attention (left hand)
Scrolls
 f - 6 scrolls of teleportation
 h - a scroll of torment {unknown}
 l - 2 scrolls of blinking
Potions
 d - a potion of might
 q - a potion of mutation
 r - 2 potions of flight {unknown}
 u - 2 potions of resistance
 w - a potion of degeneration {unknown}
Comestibles
 e - a ration {!d}


   Skills:
 + Level 5.2 Fighting
 + Level 5.0 Short Blades
 + Level 6.2 Armour
 + Level 1.5 Dodging
 + Level 0.1 Stealth
 + Level 5.4 Shields
 * Level 1.0 Spellcasting


You had 8 spell levels left.
You didn't know any spells.
Your spell library contained the following spells:

 Spells                   Type           Power        Failure   Level  Hunger
 Shock                    Conj/Air       #....        99%         1    None
 Swiftness                Chrm/Air       #.......     100%        2    ###....
 Static Discharge         Air            #.......     100%        3    #####..
 Airstrike                Air            #.........   100%        4    ######.
 Lightning Bolt           Conj/Air       #.........   100%        5    #######


Dungeon Overview and Level Annotations

Branches:
Dungeon (5/12)
 Temple: D:4-7

Altars:
Gozag
Uskayaw
Vehumet

Annotations:
D:5 1 runed translucent door, Morbidden's ghost, novice GrAc


Innate Abilities, Weirdness & Mutations

You reflexively headbutt those who attack you in melee.
You have a pair of horns on your head.


Message History

The crimson imp hits you but does no damage.
The worker ant bites you.
You are more poisoned.
The worker ant poisons you! You block the hound's attack.
You miss something. Your headbutt misses something.
You feel very sick. You block the hound's attack. Something hits you.
* * * LOW HITPOINT WARNING * * *
The orc wizard casts a spell at you. You resist. The puff of flame hits you.
* * * LOW HITPOINT WARNING * * *
The crimson imp hits you.
* * * LOW HITPOINT WARNING * * *
The worker ant bites you.
* * * LOW HITPOINT WARNING * * *
You barely miss something.
* * * LOW HITPOINT WARNING * * *
You feel very sick. The hound bites you.
You die...

... ###### #..#
#....# #
#...##....#W#
#..#.#....#F#. #
#...#.....#S#.
...#>........#+#.
......o.h!.......
.....Y.@5.......#
#####
.#.##+a#..##+.###
#....
.....#.....####
#.##.
...............
#.##.
..........##.####
#.##.
#.......#.##.#
#.##.
..!#....#.##.#
#.##.
#..#..#.#.##.#
#.##.
....#.#.##.#
#.##.


You could see a sky beast, a bullfrog, a hound, a worker ant, an orc wizard, a
crimson imp and an adder.

Vanquished Creatures
  A water moccasin (D:5)
  2 hounds
  3 jellies
  2 bullfrog skeletons
  A centaur skeleton (D:5)
  An orc priest (D:3)
  3 worker ants
  An orc wizard (D:4)
  3 gnolls (D:3)
  A howler monkey skeleton (D:4)
  5 adders
  An ooze (D:4)
  An adder zombie (D:5)
  4 worms
  6 dart slugs
  5 leopard geckos
  10 orcs
  8 bats
  4 giant cockroaches
  7 goblins
  9 hobgoblins
  4 jackals (D:3)
  11 kobolds
  5 quokkas
  A ball python (D:1)
  2 frilled lizards (D:2)
  6 rats
107 creatures vanquished.

Notes
Turn   | Place    | Note
-------+----------+-------------------------------------------
     0 | D:1      | GenialerGandalf the Minotaur Fighter began the quest for
                  | the Orb.
     0 | D:1      | Reached XP level 1. HP: 19/19 MP: 0/0
   219 | D:1      | Reached skill level 4 in Armour
   219 | D:1      | Reached XP level 2. HP: 27/27 MP: 1/1
  1005 | D:2      | Reached XP level 3. HP: 33/33 MP: 2/2
  1485 | D:2      | Found an opulent altar of Gozag.
  1499 | D:2      | Found a hide-covered altar of Uskayaw.
  1748 | D:2      | Reached XP level 4. HP: 41/41 MP: 3/3
  2485 | D:3      | Reached XP level 5. HP: 44/47 MP: 4/4
  3458 | D:4      | Reached skill level 5 in Armour
  3502 | D:4      | Reached skill level 1 in Dodging
  3502 | D:4      | Reached XP level 6. HP: 38/53 MP: 5/5
  3794 | D:4      | Reached skill level 5 in Fighting
  4037 | D:4      | Got a spiked leather armour
  4488 | D:5      | Entered Level 5 of the Dungeon
  4526 | D:5      | Identified the +1 leather armour of Slovenliness {rN++}
                  | (You found it on level 4 of the Dungeon)
  4530 | D:5      | Noticed a water moccasin
  4539 | D:5      | Killed a water moccasin
  4540 | D:5      | Reached skill level 6 in Armour
  4540 | D:5      | Reached skill level 5 in Shields
  4540 | D:5      | Reached XP level 7. HP: 58/61 MP: 6/6
  4547 | D:5      | Reached skill level 5 in Short Blades
  4745 | D:5      | Found a radiant altar of Vehumet.
  4786 | D:5      | Reached skill level 1 in Spellcasting
  4864 | D:5      | Noticed Morbidden's ghost (novice GrAc)
  4865 | D:5      | Found a runed translucent door.
  4882 | D:5      | HP: 1/61 [poisoned by a worker ant]
  4882 | D:5      | Slain by a hound

Skill      XL: |  1  2  3  4  5  6  7 |
---------------+----------------------+-----
Armour         | 4 5 6 |  6.2
Fighting       | 4 5 |  5.2
Shields        | 4 5 |  5.4
Short Blades   | 3 4 5 |  5.0
Dodging        | 1 |  1.5
Spellcasting   | 1 |  1.0
Stealth        | |  0.1

Action                   |  1- 3 |  4- 6 |  7- 9 || total
-------------------------+-------+-------+-------++-------
Melee: Rapier            |   109 |   168 |    30 ||   307
       Headbutt          |    20 |    23 |     6 ||    49
  Use: Scroll            |       |    13 |       ||    13
       Potion            |       |     1 |     3 ||     4
  Eat: Ration            |     2 |     3 |       ||     5
       Chunk             |     1 |     3 |       ||     4
Armor: Scale mail        |    56 |    71 |       ||   127
       Leather armour    |       |       |    17 ||    17
Dodge: Dodged            |    25 |    28 |    18 ||    71
Block: Medium shield     |    69 |    97 |    33 ||   199
